cohdb
Replays
Latest Replays
All Replays
Popular Replays
Top Player Replays
Match Explorer
How It Works
Community
CoH3 Stats
Reddit
Sign in to upload your games and track your stats! →
Sign in with Steam
Match 44880842
Unlisted
Match 44880842
Overview
Messages
Build Orders
End
Panzergrenadier Squad
Panzergrenadier Squad
Selects Battlefield Espionage Battlegroup
Panzergrenadier Squad
Construct Light Support Kompanie
Selects Intel Disruption Beacon
2.5-tonne Medical Truck
Fire Support Elements
Veteran Squad Leaders
Forward Retreat Point
Pak 38 Mechanized Group
Selects 250/3 Funkpanzerwagen
Selects Anti-Tank Incendiary Munitions
Construct Panzerarmee Kommand
Vehicle Survival Package
Selects Plunder
Armored Reserves
Rapid Advance
Tungsten Core Ammunition
Endoras [Fr]
Krötentöten
YangXYZ
[Fr33_Co] Alpha Cat #x86 > java
water
Karung_Vtuber
Lapis Rose
Mister Meow Kiss Kiss
0
0
Comments
sign in to comment!
No comments posted yet!